 Dungeon Crawl Stone Soup version 0.23-a0-512-g50a8178 (webtiles) character file.

38 CrossKnight the Twirler (level 3, -5/27 HPs)
             Began as a Demonspawn Gladiator on Dec 4, 2018.
             Engulfed by a cloud of flame (13 damage)
             ... on level 2 of the Dungeon.
             The game lasted 00:09:33 (2118 turns).

CrossKnight the Twirler (Demonspawn Gladiator)      Turns: 2118, Time: 00:09:34

Health: -5/27      AC:  8    Str: 15    XL:     3   Next: 25%
Magic:  0/3        EV: 13    Int:  9    God:
Gold:   50         SH:  0    Dex: 14    Spells: 2/2 levels left

rFire    . . .     SeeInvis .   a - +0 quarterstaff
rCold    . . .     Gourm    .   (shield currently unavailable)
rNeg     . . .     Faith    .   b - +0 leather armour
rPois    .         Spirit   +   j - +0 helmet
rElec    .         Reflect  .   (no cloak)
rCorr    .         Harm     .   k - +0 pair of gloves
MR       .....                  (no boots)
Stlth    ++........             (no amulet)
HPRegen  0.09/turn              h - +3 ring of protection
MPRegen  0.08/turn              (no ring)

@: no status effects
A: nightstalker 1, magic shield
a: no special abilities


You were on level 2 of the Dungeon.
You were not hungry.

You visited 1 branch of the dungeon, and saw 2 of its levels.

You collected 50 gold pieces.

Inventory:

Hand Weapons
 a - a +0 quarterstaff (weapon)
Missiles
 d - 3 throwing nets (quivered)
Armour
 b - a +0 leather armour (worn)
 c - a +0 helmet
 j - a +0 helmet (worn)
 k - a +0 pair of gloves (worn)
Jewellery
 h - a +3 ring of protection (left hand)
Scrolls
 e - 2 scrolls of remove curse {unknown}
 g - a scroll of random uselessness {unknown}
 l - 2 scrolls of identify {unknown}
Potions
 i - 2 potions of heal wounds {unknown}
 m - a potion of mutation {unknown}
Comestibles
 f - 4 rations


   Skills:
 + Level 2.1 Fighting
 + Level 3.3 Staves
 + Level 1.9 Throwing
 + Level 0.8 Armour
 + Level 3.1 Dodging
 + Level 0.1 Stealth


You had 2 spell levels left.
You didn't know any spells.
Your spell library was empty.

Dungeon Overview and Level Annotations

Branches:
Dungeon (2/15)

Altars:
Ashenzari
Vehumet


Innate Abilities, Weirdness & Mutations

You are slightly more attuned to the shadows.
When hurt, damage is shared between your health and your magic reserves.


Message History

Really walk into that cloud of flame? [Y]es or [N]o only, please.
Really walk into that cloud of flame? [Y]es or [N]o only, please.
Really walk into that cloud of flame? [Y]es or [N]o only, please.
Really walk into that cloud of flame? [Y]es or [N]o only, please.
Really walk into that cloud of flame? [Y]es or [N]o only, please.
Really walk into that cloud of flame? [Y]es or [N]o only, please.
Really walk into that cloud of flame? [Y]es or [N]o only, please.
Really walk into that cloud of flame?
You are engulfed in blazing flames.
You are engulfed in blazing flames.
* * * LOW HITPOINT WARNING * * *
You are engulfed in blazing flames.
You die...

.......###.#
#.#####
.......'...#
#.....#
.......###.#
#.###.#
......## ###
### #.#
...).## #
#.# #.>.####
#§ #.#
##....[# #§§
#.# #..####
##...#####.#
#..#
§...$.@§§..#
##..#
§.$$..§§§..#
#...##
§..$..§§§.##
.....###
##...######
#......#
#§§§#
##.##.##
#§§§#
##.#.##
#§§§# .....#
###...#
##.#.##
##....#


There were no monsters in sight!

Vanquished Creatures
  An adder (D:2)
  An ooze (D:1)
  A leopard gecko (D:1)
  4 bats
  3 giant cockroaches
  A goblin (D:1)
  3 jackals (D:2)
  2 frilled lizards (D:2)
  4 kobolds
  2 rats (D:1)
22 creatures vanquished.

Notes
Turn   | Place    | Note
-------+----------+-------------------------------------------
     0 | D:1      | CrossKnight the Demonspawn Gladiator began the quest for
                  | the Orb.
     0 | D:1      | Reached XP level 1. HP: 16/16 MP: 1/1
   571 | D:1      | Gained mutation: When hurt, damage is shared between your
                  | health and your magic reserves. [demonic ancestry]
   571 | D:1      | Reached XP level 2. HP: 22/22 MP: 2/2
  1391 | D:2      | Found a radiant altar of Vehumet.
  1612 | D:2      | Found a shattered altar of Ashenzari.
  1874 | D:2      | Gained mutation: You are slightly more attuned to the
                  | shadows. [demonic ancestry]
  1874 | D:2      | Reached XP level 3. HP: 27/27 MP: 3/3
  2118 | D:2      | Engulfed by a cloud of flame

Vault maps used:
D:1:      matt_arrival_refuge
D:2:      marbit_many_paths, fiery_altar_vehumet,
          nicolae_tso_swordbearing_angel, lemuel_flame_loot_1

Skill      XL: |  1  2 |
---------------+-------+-----
Staves         | 3 |  3.3
Dodging        | 3 |  3.1
Fighting       | |  2.1
Throwing       | |  1.9
Armour         | |  0.8
Stealth        | |  0.1

Action                   || total
-------------------------++-------
Melee: Quarterstaff      ||    59
  Eat: Ration            ||     1
Armor: Leather armour    ||    53
Dodge: Dodged            ||    84

Table legend:
 A = Non-vault XP
 B = Vault XP
 C = Vault XP percentage of total XP
 D = Non-vault monster count
 E = Vault monster count
 F = Vault count percentage of total count
                 A         B        C        D         E       F
            +---------+---------+-------+---------+---------+-------
      Total |      53 |       2 |   3.6 |      21 |       1 |   4.5
            +---------+---------+-------+---------+---------+-------
        D:1 |      19 |       0 |   0.0 |       8 |       0 |   0.0
        D:2 |      34 |       2 |   5.6 |      13 |       1 |   7.1
            +---------+---------+-------+---------+---------+-------
